 Dungeon Crawl Stone Soup version 0.23.2-40-g277498a001 (webtiles) character file.

Game seed: 13422025439463837206

35 Destapler the Ruffian (level 3, -1/32 HPs)
             Began as a Naga Transmuter on Aug 25, 2019.
             Slain by an adder (2 damage)
             ... on level 2 of the Dungeon.
             The game lasted 00:04:37 (1156 turns).

Destapler the Ruffian (Naga Transmuter)             Turns: 1156, Time: 00:04:37

Health: -1/32      AC:  2    Str: 12    XL:     3   Next: 33%
Magic:  6/6        EV: 10    Int: 14    God:
Gold:   79         SH:  0    Dex: 11    Spells: 5/6 levels left

rFire    . . .     SeeInvis +   e - +0 hand axe
rCold    . . .     Gourm    .   (no shield)
rNeg     . . .     Faith    .   b - +0 robe
rPois    +         Spirit   .   (no helmet)
rElec    .         Reflect  .   (no cloak)
rCorr    .         Harm     .   (no gloves)
MR       .....                  (no barding)
Stlth    ++........             (no amulet)
HPRegen  0.10/turn              (no ring)
MPRegen  0.10/turn              (no ring)

@: lethally poisoned (-1 -> -7), very slow
A: large, see invisible, deformed body, poison resistance, slowness 2, slow
metabolism 1, spit poison 1, AC +1
a: Spit Poison


You were on level 2 of the Dungeon.
You were not hungry.

You visited 1 branch of the dungeon, and saw 2 of its levels.

You collected 79 gold pieces.

Inventory:

Hand Weapons
 e - a +0 hand axe (weapon)
Missiles
 a - 12 arrows
 f - 33 stones (quivered)
Armour
 b - a +0 robe (worn)
Jewellery
 c - a cursed -2 ring of strength {unknown}
 j - an uncursed ring of poison resistance {unknown}
 l - an uncursed ring of flight {unknown}
Scrolls
 g - a scroll of noise {unknown}
 h - a scroll of fog {unknown}
 k - a scroll of identify {unknown}
Potions
 i - a potion of agility {unknown}
Comestibles
 d - a ration
 m - 2 chunks of flesh


   Skills:
 + Level 1.7 Fighting
 + Level 0.4 Armour
 - Level 1.8 Dodging
 + Level 1.2 Stealth
 - Level 3.2 Unarmed Combat
 - Level 2.2 Spellcasting
 - Level 2.2 Transmutations


You had 5 spell levels left.
You knew the following spells:

 Your Spells              Type           Power        Failure   Level  Hunger
a - Beastly Appendage     Tmut           #.....       10%         1    #......

Your spell library contained the following spells:

 Spells                   Type           Power        Failure   Level  Hunger
 Sticks to Snakes         Tmut           #.......     14%         2    ###....
 Spider Form              Tmut/Pois      #.........   41%         3    ###....
 Ice Form                 Ice/Tmut       #.......     82%         4    #####..
 Blade Hands              Tmut           #.........   95%         5    ######.


Dungeon Overview and Level Annotations

Branches:
Dungeon (2/15)

Altars:


Innate Abilities, Weirdness & Mutations

You cannot wear boots.
Your serpentine skin is tough. (AC +1)
You have supernaturally acute eyesight. (SInv)
Armour fits poorly on your strangely shaped body.
Your system is resistant to poisons. (rPois)
You cover ground very slowly.
You have a slow metabolism.
You can spit poison.


Message History

You miss the adder.
The adder is lightly wounded.
The adder bites you.
* * * LOW HITPOINT WARNING * * *
You hit the adder.
The adder is heavily wounded.
The adder barely misses you. The adder bites you.
* * * LOW HITPOINT WARNING * * *
You are lethally poisoned!
The adder poisons you!
You hit the adder but do no damage.
The adder is heavily wounded.
* * * LOW HITPOINT WARNING * * *
You feel sick. The adder misses you. The adder bites you.
* * * LOW HITPOINT WARNING * * *
You miss the adder.
The adder is heavily wounded.
* * * LOW HITPOINT WARNING * * *
You feel sick. The adder bites you.
You die...

#. ####### #.#
....... #.# .......
... ....... #.#
....... #.# .......
#.####.####w......
###
#>......@SKg......
..
#.####.####g....%. .
#.# ....... # #.#
############## #.#
#)......
#.###########.######
#.............#
###############


You could see a worm, an adder, a hobgoblin, a goblin and a kobold.

Vanquished Creatures
  An adder (D:2)
  An ooze (D:1)
  A dart slug (D:1)
  2 giant cockroaches
  5 goblins
  A hobgoblin (D:2)
  A ball python (D:1)
  4 bats
  2 frilled lizards (D:1)
  A rat (D:1)
19 creatures vanquished.

Notes
Turn   | Place    | Note
-------+----------+-------------------------------------------
     0 | D:1      | Destapler the Naga Transmuter began the quest for the Orb.
     0 | D:1      | Reached XP level 1. HP: 18/18 MP: 3/3
   437 | D:1      | Reached XP level 2. HP: 19/25 MP: 5/5
   940 | D:2      | Reached skill level 1 in Stealth
   940 | D:2      | Reached XP level 3. HP: 24/31 MP: 6/6
  1155 | D:2      | HP: 1/32 [adder (1)]
  1156 | D:2      | Slain by an adder

Skill      XL: |  1  2 |
---------------+-------+-----
Stealth        | 1 |  1.2
Fighting       | |  1.7
Armour         | |  0.4
Dodging        | |  1.8
Unarmed Combat | |  3.2
Spellcasting   | |  2.2
Transmutations | |  2.2

Action                   || total
-------------------------++-------
Melee: Hand axe          ||    46
       Unarmed           ||     6
       Headbutt          ||     1
 Cast: Beastly Appendage ||     3
 Abil: Spit Poison       ||     3
 Stab: Sleeping          ||     2
Armor: Robe              ||    13
Dodge: Dodged            ||    39
